 Dungeon Crawl Stone Soup version 0.28-a0-932-g843f935a50 (webtiles) character file.

Game seed: 16919719370779137455

28842 Decritt the Fighter (level 13, -4/121 (122) HPs)
             Began as a Minotaur Fighter on Nov 27, 2021.
             Was an Initiate of Gozag.
             Slain by an orc warlord (17 damage)
             ... on level 1 of the Orcish Mines.
             The game lasted 00:57:46 (16420 turns).

Decritt the Fighter (Minotaur Fighter)             Turns: 16420, Time: 00:57:47

HP:   -4/121 (122)  AC: 19    Str: 25      XL:     13   Next: 11%
MP:   12/12         EV: 11    Int:  2 (5)  God:    Gozag
Gold: 871           SH: 12    Dex: 17      Spells: 12/12 levels left

rFire   x . .      SeeInvis +   y - +3 hand axe
rCold   + . .      Faith    .   B - +0 kite shield
rNeg    . . .      Spirit   .   I - +2 plate armour {Will+}
rPois   +          Reflect  .   c - +2 hat
rElec   .          Harm     .   n - +0 cloak
rCorr   .          Rampage  .   k - +1 pair of gloves
Will    +....                   u - +0 pair of boots
Stlth   ..........              f - amulet of regeneration
HPRegen 1.10/turn               d - +6 ring of dexterity
MPRegen 0.13/turn               K - ring of Woh Wutu {Ice rPois SInv}

@: gold aura, lightly drained
A: horns 2, retaliatory headbutt, deformed body
a: Renounce Religion, Potion Petition, Call Merchant, Bribe Branch


You were on level 1 of the Orcish Mines.
You worshipped Gozag.
Gozag was pleased with you.
You visited 3 branches of the dungeon, and saw 15 of its levels.

You collected 2833 gold pieces.
You spent 1801 gold pieces at shops.
You paid 161 gold pieces to Gozag.

Inventory:

Hand Weapons
 q - a +2 whip of electrocution
 y - a +3 hand axe (weapon)
 E - a +1 trident of pain
 G - a +1 spear of venom
Missiles
 z - 23 poisoned darts (quivered)
 H - 2 throwing nets
Armour
 c - a +2 hat (worn)
 k - a +1 pair of gloves (worn)
 n - a +0 cloak (worn)
 u - a +0 pair of boots (worn)
 B - a +0 kite shield (worn)
 I - a +2 plate armour of willpower (worn)
Jewellery
 d - a +6 ring of dexterity (left hand)
 f - an amulet of regeneration (around neck)
 h - an amulet of guardian spirit
 K - the ring of Woh Wutu (right hand) {Ice rPois SInv}
   (You bought it in a shop on level 2 of the Orcish Mines)

   [ring of ice]

   It enhances your ice magic.
   rF:        It makes you vulnerable to fire.
   rC:        It protects you from cold.
   rPois:     It protects you from poison.
   SInv:      It lets you see invisible.
Wands
 a - a wand of charming (7)
 i - a wand of mindburst (6)
 v - a wand of flame (55)
Scrolls
 b - a scroll of blinking
 r - a scroll of identify
 A - 3 scrolls of teleportation
 D - 2 scrolls of immolation
Potions
 e - 5 potions of brilliance
 g - a potion of lignification
 j - 3 potions of invisibility
 l - 2 potions of berserk rage {unknown}
 m - a potion of resistance {unknown}
 o - a potion of attraction
 p - a potion of cancellation
 s - 3 potions of mutation
 t - a potion of flight
 x - 6 potions of curing
 F - 4 potions of haste


   Skills:
 * Level 13.4 Fighting
 * Level 13.1 Axes
 - Level 5.0 Throwing
 + Level 11.1 Armour
 + Level 9.2 Dodging
 + Level 10.6 Shields
 + Level 5.1 Evocations


You had 12 spell levels left.
You didn't know any spells.
Your spell library contained the following spells:

 Spells                   Type           Power      Damage    Failure   Level
 Animate Skeleton         Necr           0%         N/A       100%        1
 Apportation              Tloc           0%         N/A       100%        1
 Freeze                   Ice            0%         1d3       100%        1
 Magic Dart               Conj           0%         1d3       100%        1
 Summon Small Mammal      Summ           0%         N/A       100%        1
 Ensorcelled Hibernation  Hex/Ice        0%         N/A       100%        2
 Searing Ray              Conj           0%         2d4       100%        2
 Sublimation of Blood     Necr           0%         N/A       100%        2
 Wereblood                Tmut           0%         N/A       100%        2
 Call Canine Familiar     Summ           0%         N/A       100%        3
 Frozen Ramparts          Ice            0%         1d2       100%        3
 Spider Form              Tmut/Pois      0%         N/A       100%        3
 Summon Guardian Golem    Hex/Summ       0%         N/A       100%        3
 Animate Dead             Necr           0%         N/A       100%        4
 Fulminant Prism          Conj/Hex       0%         3d6       100%        4
 Hailstorm                Conj/Ice       0%         3d3       100%        4
 Borgnjor's Vile Clutch   Necr/Erth      0%         N/A       100%        5
 Death Channel            Necr           0%         N/A       100%        6
 Summon Hydra             Summ           0%         N/A       100%        7


Dungeon Overview and Level Annotations

Branches:
Dungeon (12/15)            Temple (1/1) D:5            Lair (0/6) D:11
    Orc (2/2) D:11            Elf (0/3) Orc:2

Altars:
Ashenzari
Cheibriados
Dithmenos
Elyvilon
Fedhas
Gozag
Hepliaklqana
Kikubaaqudgha
Makhleb
Nemelex Xobeh
Okawaru
Qazlal
Ru
Sif Muna
Trog
Uskayaw
Vehumet
Wu Jian
Xom
Yredelemnul
Zin
The Shining One
Beogh

Shops:
D:4 *   D:8 [   D:12 *(   Orc:1 !   Orc:2 (=

Annotations:
D:4 2 transporters, Stonecrops's ghost, amateur OpBr
D:12 1 runed translucent door, BinkBink's ghost, journeyman TrMo


Innate Abilities, Weirdness & Mutations

You have a pair of horns on your head.
You reflexively headbutt those who attack you in melee.
Armour fits poorly on your strangely shaped body.


Message History

You hit the orc warlord but do no damage.
The orc warlord is severely wounded.
The orc warlord hits you with a +0 long sword!!
* * * LOW HITPOINT WARNING * * *
You completely miss the orc warlord. The orc warlord blocks your attack.
The orc warlord is severely wounded.
The orc warlord barely misses you. You furiously retaliate!
You headbutt the orc warlord, but do no damage.
You hit the orc warlord but do no damage.
You headbutt the orc warlord, but do no damage.
The orc warlord is severely wounded.
You block the orc warlord's attack.
You hit the orc warlord.
The orc warlord is severely wounded.
The orc warlord blocks your attack.
The orc warlord is severely wounded.
The orc warlord is distracted by your dazzling golden aura.
You strike the helpless orc warlord from behind!
You slash the orc warlord!
The orc warlord is no longer distracted by gold.
The orc warlord is severely wounded.
You block the orc warlord's attack. The orc warlord blocks your attack.
The orc warlord is severely wounded.
You hit the orc warlord.
The orc warlord is severely wounded.
The orc warlord hits you with a +0 long sword!!
* * * LOW HITPOINT WARNING * * *
You feel better. The orc warlord closely misses you.
Press: ? - help, v - describe, . - travel The floor.
You hit the orc warlord. Your headbutt misses the orc warlord.
The orc warlord is severely wounded.
You block the orc warlord's attack.
You hit the orc warlord but do no damage.
The orc warlord blocks your attack.
The orc warlord is severely wounded.
The orc warlord hits you with a +0 long sword!
You die...
Your body crumbles into a pile of gold.

#...#.##..### #...#.).###
##..........#####.###.##.#
#............#.##.#.#.#...
##.......................# #
###......................
#########.##.....................
..#.#.##....................#....
.......#.........$...............
....#..........o@[.............##
#...............................#
..................[..#.....###.#.
........∩.∩.................#....
.#..........#...[..).......###.#.
[[......∩.∩........#.)......#.###
#....................[.........#
#..................#.##..#..#.##
............#............######


You could see an orc warlord.

Vanquished Creatures
  An orc warlord (Orc:1)
  An ettin (D:11)
  Josephine (Orc:2)
  Harold (D:7)
  A boulder beetle (D:12)
  A two-headed ogre (D:10)
  4 orc high priests
  An orc knight (D:11)
  Pikel (D:3)
  A phantasmal warrior (D:11)
  2 ugly things (D:12)
  An orc sorcerer (Orc:2)
  3 oklob plants (D:11)
  4 cyclopes
  The ghost of wpisznazwe the Skirmisher, a novice DsMo of Gozag (D:6)
  A komodo dragon (D:7)
  2 freezing wraiths (D:12)
  9 trolls
  A hornet (D:9)
  9 slime creatures
  2 shadows
  7 wraiths
  A wyvern (D:8)
  10 yaks (D:12)
  2 vampire mosquitoes (D:12)
  2 steam dragons
  Edmund (D:5)
  An acid dragon (D:9)
  A water moccasin (D:9)
  29 orc warriors
  A sky beast (D:7)
  An ice beast (D:6)
  5 black bears
  A wolf (D:7)
  6 ogres
  2 necrophages
  6 centaurs
  3 lemures (D:3)
  A phantom (D:4)
  A kobold brigand (D:9)
  2 scorpions (D:4)
  5 gnoll sergeants
  6 killer bees (D:9)
  16 howler monkeys
  A bullfrog zombie (D:5)
  3 centaur zombies
  7 hounds
  2 quasits (D:6)
  2 jellies
  16 orc priests
  2 gnoll shamans
  Crazy Yiuf (D:3)
  A centaur skeleton (D:5)
  8 iguanas
  Ijyb (D:4)
  Natasha (thrice) (D:3)
  11 orc wizards
  3 howler monkey zombies
  Robin (D:3)
  9 adders
  25 gnolls
  A shadow imp (D:6)
  2 white imps
  An adder zombie (D:5)
  A worm (D:2)
  2 dart slugs
  63 orcs
  12 ball pythons
  6 bats
  4 endoplasms
  2 giant cockroaches (D:1)
  11 goblins
  8 hobgoblins
  7 jackals
  8 kobolds
  3 quokkas
  5 frilled lizards
  3 rats
  A spectral kobold (D:5)
394 creatures vanquished.

Vanquished Creatures (others)
  An orc (D:8)
  11 plants
12 creatures vanquished.

Grand Total: 406 creatures vanquished

Notes
Turn   | Place    | Note
-------+----------+-------------------------------------------
     0 | D:1      | Decritt the Minotaur Fighter began the quest for the Orb.
     0 | D:1      | Reached XP level 1. HP: 19/19 MP: 0/0
   199 | D:1      | Reached XP level 2. HP: 27/27 MP: 1/1
   618 | D:2      | Reached XP level 3. HP: 33/33 MP: 2/2
  1298 | D:3      | Found a runed translucent door.
  1299 | D:3      | Noticed Crazy Yiuf
  1308 | D:3      | Killed Crazy Yiuf
  1309 | D:3      | Reached XP level 4. HP: 11/41 MP: 3/3
  1582 | D:3      | Noticed Natasha
  1599 | D:3      | Killed Natasha
  1614 | D:3      | Found a faded altar of an unknown god.
  1656 | D:3      | Noticed Natasha
  1662 | D:3      | Killed Natasha
  1688 | D:3      | Noticed Natasha
  1694 | D:3      | Killed Natasha
  1695 | D:3      | Reached XP level 5. HP: 40/47 MP: 4/4
  1933 | D:3      | Noticed Robin
  1940 | D:3      | Killed Robin
  2175 | D:4      | Noticed Pikel
  2175 | D:4      | Noticed a lemure
  2175 | D:4      | Noticed a lemure
  2175 | D:4      | Noticed a lemure
  2175 | D:4      | Noticed a lemure
  2184 | D:3      | Killed a lemure
  2305 | D:3      | Killed a lemure
  2314 | D:3      | Killed a lemure
  2441 | D:3      | Killed Pikel
  2442 | D:3      | Reached skill level 5 in Fighting
  2442 | D:3      | Reached skill level 5 in Axes
  2442 | D:3      | Reached skill level 5 in Armour
  2442 | D:3      | Reached skill level 5 in Shields
  2442 | D:3      | Reached XP level 6. HP: 15/57 MP: 5/5
  2442 | D:3      | Reached XP level 7. HP: 17/62 MP: 6/6
  3165 | D:4      | Found a transporter.
  3167 | D:4      | Noticed Stonecrops's ghost (amateur OpBr)
  3168 | D:4      | Found a transporter.
  3288 | D:4      | Noticed Ijyb
  3328 | D:4      | Killed Ijyb
  3477 | D:4      | Found Keah's Serpentskin Sales.
  3627 | D:4      | Reached skill level 1 in Dodging
  3841 | D:4      | Reached XP level 8. HP: 69/71 MP: 7/7
  4047 | D:5      | Entered Level 5 of the Dungeon
  4112 | D:5      | Found a staircase to the Ecumenical Temple.
  4124 | Temple   | Entered the Ecumenical Temple
  4449 | D:5      | Noticed Edmund
  4457 | D:5      | Killed Edmund
  4638 | D:5      | Found a hazy altar of Hepliaklqana.
  5196 | D:6      | Found a transporter.
  5225 | D:6      | Noticed wpisznazwe's ghost (novice DsMo)
  5235 | D:6      | Killed wpisznazwe's ghost
  5242 | D:6      | Reached XP level 9. HP: 79/80 MP: 8/8
  5253 | D:6      | Found a transporter.
  5399 | D:6      | Noticed a troll
  5569 | D:6      | Killed a troll
  5924 | D:7      | Identified the +4 leather armour of Wrong Decisions {rF+}
  6063 | D:7      | Reached skill level 5 in Dodging
  6195 | D:7      | Noticed a komodo dragon
  6248 | D:7      | Killed a komodo dragon
  6249 | D:7      | Reached skill level 1 in Evocations
  6451 | D:7      | Noticed Harold
  6464 | D:7      | Killed Harold
  6465 | D:7      | Reached XP level 10. HP: 69/91 MP: 9/9
  7312 | D:8      | Reached skill level 1 in Throwing
  7741 | D:8      | Found an iron altar of Okawaru.
  7994 | D:8      | Found an ancient bone altar of Kikubaaqudgha.
  7994 | D:8      | Found an opulent altar of Gozag.
  8002 | D:8      | Became a worshipper of Gozag Ym Sagoz the Greedy
  8132 | D:8      | Found Bohen's Armour Emporium.
  8630 | D:9      | Reached skill level 10 in Fighting
  9053 | D:10     | Entered Level 10 of the Dungeon
  9327 | D:10     | Noticed a two-headed ogre
  9354 | D:10     | Killed a two-headed ogre
  9355 | D:10     | Reached XP level 11. HP: 43/100 MP: 10/10
 10013 | D:11     | Noticed an oklob plant
 10014 | D:11     | Noticed an oklob plant
 10015 | D:11     | Found a staircase to the Lair.
 10022 | D:11     | Noticed an oklob plant
 10199 | D:11     | Reached skill level 10 in Axes
 10270 | D:11     | Found a staircase to the Orcish Mines.
 10356 | D:11     | Killed an oklob plant
 10424 | D:11     | Killed an oklob plant
 10506 | D:11     | Killed an oklob plant
 10811 | D:12     | Noticed a boulder beetle
 10830 | D:12     | Killed a boulder beetle
 11548 | D:12     | Noticed a red ugly thing
 11563 | D:12     | Killed a red ugly thing
 11564 | D:12     | Reached skill level 10 in Armour
 11574 | D:12     | Noticed a phantasmal warrior
 11654 | D:12     | Found Ytwih's Elemental Accessories.
 11666 | D:11     | Killed a phantasmal warrior
 11667 | D:11     | Reached XP level 12. HP: 91/111 MP: 11/11
 11728 | D:12     | Reached skill level 5 in Throwing
 11855 | D:12     | Noticed a death knight
 11862 | D:12     | Found Hullioh's Antique Weapon Shop.
 12367 | D:12     | Found a runed translucent door.
 12367 | D:12     | Noticed BinkBink's ghost (journeyman TrMo)
 13028 | D:8      | Bought a +2 plate armour of willpower for 520 gold pieces
 13136 | Orc:1    | Entered Level 1 of the Orcish Mines
 13138 | Orc:1    | Noticed an orc high priest
 13727 | Orc:1    | Killed an orc high priest
 13744 | Orc:1    | Found Beafets's Distillery.
 14081 | Orc:1    | Bought a potion of haste for 180 gold pieces
 14081 | Orc:1    | Bought a potion of curing for 54 gold pieces
 14081 | Orc:1    | Bought a potion of mutation for 144 gold pieces
 14081 | Orc:1    | Bought a potion of might for 72 gold pieces
 14081 | Orc:1    | Bought 2 potions of curing for 108 gold pieces
 14081 | Orc:1    | Bought a potion of mutation for 144 gold pieces
 14081 | Orc:1    | Bought a potion of curing for 54 gold pieces
 14107 | Orc:1    | Reached skill level 10 in Shields
 14393 | Orc:2    | Entered Level 2 of the Orcish Mines
 14394 | Orc:2    | Noticed Josephine
 14408 | Orc:2    | Killed Josephine
 14411 | Orc:2    | Noticed an ettin
 15035 | D:11     | Killed an ettin
 15177 | Orc:2    | Found a staircase to the Elven Halls.
 15348 | Orc:2    | Noticed an orc high priest
 15384 | Orc:2    | Killed an orc high priest
 15452 | Orc:2    | Noticed an orc high priest
 15462 | Orc:2    | Killed an orc high priest
 15506 | Orc:2    | Found Eniah's Jewellery Boutique.
 15522 | Orc:2    | Bought the ring of Woh Wutu {Ice rPois SInv} for 525 gold
                  | pieces
 15685 | Orc:2    | Noticed an orc warlord
 15694 | Orc:2    | Noticed an orc high priest
 15759 | Orc:1    | Killed an orc warlord
 15855 | Orc:2    | Killed an orc high priest
 15856 | Orc:2    | Reached skill level 5 in Evocations
 15856 | Orc:2    | Reached XP level 13. HP: 81/122 MP: 12/12
 16124 | Orc:2    | Gained mutation: Armour fits poorly on your strangely
                  | shaped body. [a neqoxec]
 16194 | Orc:2    | Found Ockehe's Antique Weapon Boutique.
 16323 | Orc:2    | Noticed an orc warlord
 16417 | Orc:1    | HP: 5/121 [orc warlord (29)]
 16420 | Orc:1    | Slain by an orc warlord

Illustrated notes

Levels and vault maps discovered:
D:1:      saegor_arrival_simple_b, layout_basic
D:2:      layout_loops_ring
D:3:      layout_basic, basic_ecumenical_altar, uniq_robin, uniq_natasha,
          uniq_crazy_yiuf_cottage
D:4:      minmay_bubble_buster, layout_basic, gammafunk_ghost_mausoleum,
          guppyfry_shop_venom, uniq_pikel, uniq_ijyb
D:5:      layout_loops_corners, nicolae_hepliaklqana_monster_ancestors,
          minmay_temple_entry_drinking_statues, uniq_edmund
D:6:      layout_rooms, gammafunk_ghost_stat_death, minmay_chambers_of_fives
D:7:      layout_loops_corners, minmay_lizard_king, uniq_harold
D:8:      layout_cave_pools, amcnicky_altar_gilded,
          mainiacjoe_overflow_large_starburst, serial_gnoll_camp,
          gnoll_camp_mini_basic, gnoll_camp_huts_basic, gnoll_camp_mini_basic,
          gnoll_camp_mini_shop, gnoll_camp_mini_doghouse,
          gnoll_camp_mini_loothouse
D:9:      layout_loops_cross, kennysheep_generic_room_3
D:10:     layout_gridville
D:11:     layout_roguey, dpeg_oklobed_lair
D:12:     layout_roguey, hellmonk_ghost_happy_afterlife, serial_shops,
          nicolae_shop_statue_plus, nicolae_elemental_shop, patterned_corridor
Temple:   compressed_dpeg_circular_temple
Orc:1:    layout_caves, serial_shops, nicolae_shop_competitors_out_of_business
Orc:2:    grunt_orc_community_town_hall, layout_caves,
          grunt_orc_community_big_house_2, grunt_orc_community_big_house_2,
          grunt_orc_community_house_2, grunt_orc_community_house_1,
          grunt_orc_community_house_1, grunt_orc_community_house_1,
          grunt_orc_community_house_2, grunt_orc_community_house_2,
          uniq_josephine

Skill      XL: |  1  2  3  4  5  6  7  8  9 10 11 12 13 |
---------------+----------------------------------------+-----
Fighting       | 4 5 6 7 9 10 11 13 | 13.4
Shields        | 4 5 6 7 8 9 10 | 10.6
Armour         | 4 5 6 7 9 10 11 | 11.1
Axes           | 3 5 7 8 9 11 12 13 | 13.1
Dodging        | 1 3 5 7 8 9 |  9.2
Evocations     | 2 4 5 |  5.1
Throwing       | 3 4 5 |  5.0

Action                   |  1- 3 |  4- 6 |  7- 9 | 10-12 | 13-15 || total
-------------------------+-------+-------+-------+-------+-------++-------
Melee: War axe           |    68 |    66 |       |       |       ||   134
       Headbutt          |    12 |    10 |    78 |   361 |    45 ||   506
       Whip              |       |       |   309 |   251 |       ||   560
       Spear             |       |       |       |   718 |       ||   718
       Trident           |       |       |       |    58 |       ||    58
       Hand axe          |       |       |       |    94 |   159 ||   253
Throw: Dart              |       |       |    31 |    35 |    51 ||   117
       Javelin           |       |       |     2 |     4 |       ||     6
  Use: Scroll            |       |       |     8 |    10 |       ||    18
       Potion            |       |       |     2 |     5 |     2 ||     9
 Stab: Distracted        |       |       |       |     4 |     1 ||     5
Armor: Scale mail        |    48 |    35 |    51 |       |       ||   134
       Chain mail        |       |       |   120 |   240 |       ||   360
       Plate armour      |       |       |       |   173 |    43 ||   216
Dodge: Dodged            |    36 |    30 |   128 |   363 |    32 ||   589
Block: Buckler           |    13 |    12 |    24 |       |       ||    49
       Kite shield       |       |       |    97 |   663 |    73 ||   833

Table legend: (Time is in decaauts)
 A = Elapsed time spent in this place.
 B = Non-inter-level travel time spent in this place.
 C = Inter-level travel time spent in this place.
 D = Time resting spent in this place.
 E = Time spent auto-exploring this place.
 F = Levels seen in this place.
 G = Mean time per level.
                   A        B        C        D        E       F      G
               +--------+--------+--------+--------+--------+-----+--------+
         Total |  16397 |  15791 |    606 |   4141 |   7280 |  15 | 1093.1 |
       Dungeon |  14529 |  13938 |    591 |   4006 |   6443 |  12 | 1210.8 |
        Temple |     86 |     86 |      0 |      0 |     56 |   1 |   86.0 |
  Orcish Mines |   1781 |   1767 |     14 |    135 |    781 |   2 |  890.5 |
               +--------+--------+--------+--------+--------+-----+--------+

Top non-repeatable levels by time:
    D:11: 2738 daAuts
     D:3: 1737 daAuts
    D:12: 1545 daAuts
     D:7: 1388 daAuts
   Orc:2: 1150 daAuts
     D:4: 1136 daAuts
     D:8: 1085 daAuts
    D:10: 1070 daAuts
     D:5: 1063 daAuts
     D:9: 893 daAuts
     D:2: 648 daAuts
   Orc:1: 631 daAuts
     D:1: 614 daAuts
     D:6: 608 daAuts
  Temple: 86 daAuts
